← All builds
Tech / Armada / Economy first / OBSERVED BUILD

Standard tech

Rushes T2 factory and Advanced Metal Extractors while supplying T2 constructors to teammates, then transitions into anti-nuke and support units later.

Usually first T2 con to Geo (85%)

#t2 #eco #team support · 762 distinct matches · 108 players · 59% of Armada Tech games · team won 53% of 882 · Recently observed

HOW TO PLAY IT

Key timing: T2 lab by 4:15

  1. Take 3 mex, then wind and a Bot Lab to open eco fast.
  2. Push T2 lab out, aim to pass T2 to air player.
  3. Get first T2 constructor building, prioritize mex upgrades over eco.
  4. Finish Advanced Metal Extractor, keep upgrading team's mex.
  5. Add fus and anti-nuke, keep feeding T2 cons and Umbrella/Citadel to team.

Phase by phase

TYPICAL OF ITS 762 GAMES
  1. 1
  2. 2
  3. 3
  4. 4
PLAY THE OPENING

Follow the example game's first 6:00 step by step: what to build now, what comes next, and where it goes. At 1× it keeps pace with your own game.

  1. 1

    Up to the Bot Lab

    Economy
    • Metal Extractor3Mex
    • Wind Turbine4Wind
    Order
    1. Bot LabBot Lab after 3 mex, 4 winddone ~1:17, middle half 1:13–1:32

    By 1:01 in all: 3 mex · 4 wind

    The example game in this phase · 4 steps
    1. Mex ×3
    2. Wind ×2
    3. Solar
    4. Bot LabBot Labdone 1:07 · typical 1:17
  2. 2

    Bot Lab to Advanced Bot Lab

    Economy
    • Metal Extractor1Mex
    • Wind Turbine8Wind
    • Energy Storage1Energy storage
    Order
    1. Advanced Bot LabAdvanced Bot Lab after 4 mex, 12 wind, 3 con turretdone ~4:15, middle half 4:04–4:27
    Builders
    • Construction Turret3 Con turret
    • Lazarus3 Lazarus
    • Construction Bot2 Con bot
    • Construction Bot1 Con bot for allies

    Some games also: converter (36%)

    By 3:19 in all: 4 mex · 12 wind · 1 energy storage · 3 con turret

    The example game in this phase · 19 steps
    1. Solar
    2. LazarusLazarus
    3. Wind
    4. Solar
    5. LazarusLazarus
    6. Solar
    7. LazarusLazarus
    8. Construction BotCon bot
    9. LazarusLazarus
    10. Construction BotCon botfor Air
    11. LazarusLazarus
    12. Construction BotCon bot
    13. Wind
    14. Mex
    15. Wind
    16. Energy storage
    17. Con turret
    18. Wind ×2
    19. Advanced Bot LabAdvanced Bot Labdone 4:17 · typical 4:15
  3. 3

    Advanced Bot Lab to 5:00

    Economy
    • Wind Turbine2Wind
    Builders
    • Advanced Construction Bot1 T2 con bot for allies

    Some games also: converter (36%)

    By 5:00 in all: 4 mex · 15 wind · 2 converter · 1 energy storage · 3 con turret

    The example game in this phase · 7 steps
    1. Con turret ×2
    2. Converter
    3. Advanced Construction BotT2 con botfor Air
    4. Converter
    5. Wind ×3
    6. Advanced Metal ExtractorT2 mexdone 5:32 · typical 5:29
    7. Wind ×4
  4. 4

    5:00 to 10:00

    Economy
    • Wind Turbine44Wind
    • Energy Converter6Converter
    Builders
    • Butler8 Butler
    • Advanced Construction Bot4 T2 con bot for allies
    • Advanced Construction Bot1 T2 con bot

    Some games also: con turret (47%) · Butler for allies (38%)

    By 10:00 in all: 4 mex · 59 wind · 8 converter · 1 energy storage · 3 con turret

    The example game in this phase · 149 steps
    1. Wind ×3
    2. Advanced Construction BotT2 con bot
    3. Advanced Construction BotT2 con botfor Suicide front
    4. Wind
    5. Converter ×2
    6. Wind
    7. Converter
    8. Wind ×2
    9. Advanced Metal ExtractorT2 mex
    10. Wind ×2
    11. Advanced Metal ExtractorT2 mex
    12. Wind
    13. Advanced Construction BotT2 con botfor Beach sea
    14. Wind ×6
    15. ButlerButler
    16. Wind ×3
    17. Advanced Metal ExtractorT2 mex
    18. ButlerButler
    19. Wind
    20. ButlerButler
    21. Wind
    22. ButlerButler
    23. Converter
    24. Wind ×2
    25. Converter
    26. Advanced Construction BotT2 con bot
    27. Converter ×4
    28. Advanced Construction BotT2 con botfor Geo sea
    29. Converter ×2
    30. Wind
    31. Advanced Construction BotT2 con botfor Pond
    32. Converter
    33. Wind
    34. Converter
    35. ButlerButler
    36. Converter ×3
    37. Wind
    38. ButlerButler
    39. Wind
    40. Converter ×2
    41. Wind ×2
    42. Converter
    43. ButlerButlerfor Beach sea
    44. Wind
    45. Converter
    46. ButlerButlerfor Beach sea
    47. Wind
    48. Con turret
    49. Converter
    50. Wind ×3
    51. UmbrellaAnti-nukedone 10:05
    52. Wind ×2
    53. Converter
    54. Wind ×2
    55. Converter
    56. Wind ×5
    57. Converter
    58. Wind
    59. Converter
    60. Wind ×7
    61. Converter ×2
    62. Wind ×3
    63. Advanced Construction BotT2 con bot
    64. Wind ×5
    65. Converter
    66. Wind ×2
    67. Converter
    68. Wind ×2
    69. Con turret
    70. Hardened Energy Storage
    71. Wind ×2
    72. Con turret
    73. Wind ×2
    74. Converter ×2
    75. Wind ×5
    76. Fusion ReactorFusiondone 12:38
    77. Wind ×3
    78. Converter
    79. GhostGhost
    80. Converter
    81. Wind
    82. TracerTracer
    83. Wind ×5
    84. Converter
    85. Wind
    86. Converter
    87. Wind ×3
    88. Converter
    89. Fusion ReactorFusion
    90. Wind ×3
    91. Converter
    92. Wind
    93. Con turret ×2
    94. Wind
    95. JunoJuno
    96. Wind ×3
    97. Converter
    98. Wind ×2
    99. Converter
    100. Wind ×3
    101. Aircraft PlantAircraft Plantnot finished by 15:00
    102. Wind
    103. Converter
    104. Wind ×2
    105. Converter
    106. Wind ×6
    107. Converter
    108. Wind
    109. Converter
    110. Wind ×6
    111. Converter
    112. Wind ×2
    113. Converter
    114. Wind ×3
    115. Converter
    116. Wind ×2
    117. Converter ×2
    118. Wind ×6
    119. Converter
    120. Wind ×4
    121. Converter
    122. Wind
    123. Converter
    124. Aircraft PlantAircraft Plantdone 14:01
    125. Wind ×2
    126. StorkLight transport ×2
    127. Converter
    128. Wind
    129. StorkLight transport
    130. Converter
    131. Wind ×2
    132. Converter
    133. Wind
    134. StorkLight transport
    135. Wind ×2
    136. Converter ×2
    137. Wind ×3
    138. Construction AircraftCon aircraft
    139. Converter
    140. Con turret
    141. Wind
    142. Metal storage
    143. Wind
    144. Converter
    145. Wind
    146. Converter
    147. Fusion ReactorFusion
    148. Converter
    149. Wind

Counts are medians over the build's games: half of them build more, half fewer. The example game is zeus_on_god's (37 OS, 27/09/2026); pick another.

Team trades

IN AT LEAST 30% OF ITS GAMES

You hand over

  • Construction Bot1 Con bot to Airfirst at 2:22 · in 88% of games
  • Advanced Construction Bot5 T2 con bot to Air or Pond or Geo seafirst at 4:46 · in 99% of games
  • Sharpshooter2 Sniper bot to Pondfirst at 5:21 · in 33% of games
  • Butler2 Butler to Geo sea or Beach sea or Pondfirst at 9:04 · in 42% of games

You get

  • Hercules1 Light transport from Airfirst at 4:00 · in 86% of games

How it plays out

Typical game of this build, running totals by minute

Metal produced

020k40k
0:005:0010:0015:00

metal

Enemy metal destroyed

0200400
0:005:0010:0015:00

metal

Own metal lost

0100200300
0:005:0010:0015:00

metal

882 games.

Show as table
ByMetal produced: This buildEnemy metal destroyed: This buildOwn metal lost: This build
1:0038300
2:0091500
3:00164400
4:00315200
5:00486600
6:00581100
7:00723300
8:00907900
9:001125300
10:001358400
11:001641600
12:001998800
13:002377500
14:002754990108
15:0031616324206
WHAT THE NUMBERS SAY

This is the role's baseline and wins slightly more than half its games with a huge metal lead but almost no kills, showing its value is economic not combat.

  • + Produces 31389 metal by 15:00, far above other roles.
  • + Reaches T2 lab and constructor by 4:15-4:33 almost every game.
  • − Barely destroys any enemy metal (400 by 15:00), no combat presence.
  • − Fusion Reactor and anti-nuke only land in 44% of games.
THE EXAMPLE YOU ARE READING

zeus_on_god

36.6 OS · 27/09/2026

Open source match ↗

1 received units
1410 metal received · 105693 energy received

Allied construction assistance is unknown. Timings are observations, not a promise of solo reproducibility.

Typical milestones

Bot Lab1:17Middle 50%: 1:13–1:32 · n=882
Advanced Bot Lab4:15Middle 50%: 4:04–4:27 · n=876
Advanced Metal Extractor5:29Middle 50%: 5:06–5:58 · n=880

Played most by

Amrissa100games of this buildSyphos39games of this buildKOT_38games of this buildAdeus34games of this buildTeaner33games of this build